 Seeded DCSS version 0.25.1-2-g60ff931 (webtiles) character file.

Game seed: 84405591861 (custom seed)

15180 Hazorath the Destroyer (level 12, -2/109 HPs)
             Began as a Naga Venom Mage on Sept 3, 2020.
             Was a Priest of Yredelemnul.
             Slain by a six-headed hydra (6 damage)
             ... on level 11 of the Dungeon.
             The game lasted 01:06:59 (15658 turns).

Hazorath the Destroyer (Naga Venom Mage)           Turns: 15658, Time: 01:07:01

Health: -2/109     AC: 11    Str: 10    XL:     12   Next: 24%
Magic:  31/31      EV:  8    Int: 21    God:    Yredelemnul [***...]
Gold:   468        SH:  0    Dex: 18    Spells: 9/25 levels left

rFire    + . .     SeeInvis +   b - +7 hunting sling "Anoira" {flame, rPois rF+ Stlth+}
rCold    . . .     Gourm    .   (no shield)
rNeg     + . .     Faith    .   g - +2 robe {rN+}
rPois    +         Spirit   .   C - +0 hat {SInv}
rElec    .         Reflect  .   q - scarf {repulsion}
rCorr    .         Harm     .   (no gloves)
MR       +....                  H - +0 naga barding
Stlth    +++.......             d - amulet of magic regeneration
HPRegen  0.28/turn              h - ring of magical power
MPRegen  0.47/turn              c - +6 ring of dexterity

@: about to teleport, repel missiles, very slow
A: large, see invisible, deformed body, poison resistance, slowness 2, slow
metabolism 1, spit poison 1, AC +4
a: Spit Poison, Recall Undead Slaves, Injury Mirror, Animate Dead, Renounce
Religion


You were on level 11 of the Dungeon.
You worshipped Yredelemnul.
Yredelemnul was most pleased with you.
You were not hungry.

You visited 3 branches of the dungeon, and saw 13 of its levels.

You collected 610 gold pieces.
You spent 142 gold pieces at shops.

Inventory:

Hand Weapons
 a - a +2 dagger of venom
 b - the +7 hunting sling "Anoira" (weapon) {flame, rPois rF+ Stlth+}
   (You found it on level 4 of the Dungeon)

   It causes projectiles fired from it to burn those they strike, causing extra
   injury to most foes and up to half again as much damage against particularly
   susceptible opponents.
   It protects you from fire.
   It protects you from poison.
   It makes you more stealthy.
 G - a +2 dagger of electrocution
Missiles
 i - 41 poisoned darts
 m - 15 sling bullets (quivered)
 n - 287 stones
 D - 2 throwing nets
Armour
 g - a +2 robe of positive energy (worn)
 q - a scarf of repulsion (worn)
 C - a +0 hat of see invisible (worn)
 H - a +0 naga barding (worn)
Jewellery
 c - a +6 ring of dexterity (right hand)
 d - an amulet of magic regeneration (around neck)
 h - a ring of magical power (left hand)
 L - an uncursed amulet of regeneration
Wands
 o - a wand of paralysis (16)
 r - a wand of polymorph (22)
 y - a wand of disintegration (23)
Scrolls
 j - a scroll of fog
 l - 3 scrolls of amnesia
 t - 2 scrolls of magic mapping
 w - 2 scrolls of remove curse
 B - 2 scrolls of identify
 I - a scroll of enchant armour
 K - a scroll of brand weapon
Potions
 e - a potion of invisibility
 f - 2 potions of berserk rage
 k - a potion of heal wounds
 p - 2 potions of brilliance
 s - 4 potions of flight
 v - 3 potions of haste
 z - a potion of curing
 A - 2 potions of stabbing
 E - a potion of might
 F - a potion of mutation
 M - a potion of lignification
Miscellaneous
 N - a phial of floods
Comestibles
 u - 20 rations
 O - 7 chunks of flesh


   Skills:
 + Level 7.6 Fighting
 - Level 2.3 Slings
 - Level 1.5 Dodging
 - Level 3.0 Stealth
 + Level 7.2 Spellcasting
 * Level 9.5 Conjurations
 - Level 2.4 Transmutations
 * Level 8.9 Fire Magic
 - Level 4.2 Air Magic
 - Level 9.2 Poison Magic
 * Level 5.4 Invocations


You had 9 spell levels left.
You knew the following spells:

 Your Spells              Type           Power        Failure   Level  Hunger
a - Sting                 Tmut/Pois      ####         1%          1    None
b - Mephitic Cloud        Conj/Pois/Air  #####...     1%          3    None
c - Olgreb's Toxic Radia  Pois           #####...     1%          4    ###....
d - Ignite Poison         Fire/Tmut/Pois #####...     1%          3    None
e - Fireball              Conj/Fire      #####.....   5%          5    #####..

Your spell library contained the following spells:

 Spells                   Type           Power        Failure   Level  Hunger
 Foxfire                  Conj/Fire      ####         1%          1    None
 Poisonous Vapours        Pois/Air       #####.       1%          2    None
 Conjure Flame            Conj/Fire      #####...     1%          3    None
 Sticky Flame             Conj/Fire      #####...     1%          4    ###....
 Inner Flame              Hex/Fire       ####....     4%          3    None
 Infusion                 Chrm           #...         9%          1    None
 Shroud of Golubria       Chrm/Tloc      #.....       13%         2    None
 Song of Slaying          Chrm           #.......     13%         2    None
 Ozocubu's Armour         Chrm/Ice       #.......     26%         3    None
 Spectral Weapon          Hex/Chrm       #.......     26%         3    None


Dungeon Overview and Level Annotations

Branches:
Dungeon (11/15)            Temple (1/1) D:7            Lair (1/6) D:10
    Orc (0/2) D:9

Altars:
Ashenzari
Cheibriados
Dithmenos
Elyvilon
Fedhas
Gozag
Hepliaklqana
Kikubaaqudgha
Makhleb
Nemelex Xobeh
Okawaru
Qazlal
Ru
Sif Muna
Trog
Uskayaw
Vehumet
Wu Jian
Xom
Yredelemnul
Zin
The Shining One

Shops:
D:5 =   D:7 *

Portals:
Trove: D:10 (give +4 storm dragon scales)

Annotations:
D:4 exclusion: downstairs
D:5 1 runed translucent door, Crazy Yiuf
D:9 1 runed translucent door, Turner1's ghost, novice HOFi


Innate Abilities, Weirdness & Mutations

You cannot wear boots.
Your serpentine skin is tough. (AC +4)
You have supernaturally acute eyesight. (SInv)
Armour fits poorly on your strangely shaped body.
Your system is resistant to poisons. (rPois)
You cover ground very slowly.
You have a slow metabolism.
You can spit poison.


Message History

You shoot a sling bullet.
The sling bullet hits the six-headed hydra.
The sling bullet burns the six-headed hydra.
Your attack snaps the six-headed hydra out of its fear.
The six-headed hydra is moderately wounded.
As you read the scroll of teleportation, it crumbles to dust.
You feel strangely unstable. The six-headed hydra bites you!
The six-headed hydra bites you but does no damage. x2
The six-headed hydra bites you.
The six-headed hydra bites you but does no damage.
The six-headed hydra bites you!
* * * LOW HITPOINT WARNING * * *
The six-headed hydra bites you but does no damage.
The six-headed hydra barely misses you. The six-headed hydra bites you!
* * * LOW HITPOINT WARNING * * *
The six-headed hydra bites you.
* * * LOW HITPOINT WARNING * * *
The six-headed hydra bites you.
You die...
Your body rises from the dead as a mindless zombie.

##.### #...# ####.####
#.......# ####+##
#.......# ......#
#.......### ......# ###
#.........# ......#
..###....^..#.####..[...#
#...........#...@D.($(.(#
#####.......######......#
##.###### ####### #.#
#.## #..# ##.# #.# ###.##


You could see a six-headed hydra (very poisoned).

Vanquished Creatures
  Gastronok (D:8)
  A two-headed ogre (D:10)
  Psyche (D:8)
  Maggie (D:8)
  A hornet (D:11)
  Grinder (D:5)
  2 hippogriffs
  3 wyverns (D:11)
  29 yaks
  A hungry ghost (D:10)
  Grum (D:9)
  Edmund (D:5)
  6 porcupines
  5 ice beasts
  5 orc warriors
  3 black bears
  7 ogres
  3 phantoms
  4 wolves (D:9)
  3 centaurs
  3 big kobolds
  A crocodile (D:10)
  4 bullfrogs
  A wyvern zombie (D:7)
  5 scorpions
  A water moccasin skeleton (D:8)
  8 wights (D:8)
  A howler monkey (D:5)
  3 jellies
  3 crimson imps
  A quasit (D:7)
  A bullfrog skeleton (D:9)
  A bullfrog zombie (D:5)
  6 orc priests
  5 hounds
  2 centaur skeletons
  15 orc wizards
  Ijyb (D:5)
  4 iguanas
  12 worker ants
  A hound skeleton (D:5)
  3 worker ant zombies
  11 adders
  3 gnolls (D:10)
  A shadow imp (D:6)
  4 oozes
  2 adder skeletons
  2 worms (D:3)
  2 dart slugs (D:1)
  6 leopard geckos
  37 orcs
  5 bats
  2 giant cockroaches
  8 goblins
  8 hobgoblins
  11 jackals
  4 quokkas
  A ball python (D:1)
  4 frilled lizards
  16 kobolds
  A leopard gecko zombie (D:5)
  8 rats
297 creatures vanquished.

Vanquished Creatures (collateral kills)
  3 yaks (D:11)
  A hungry ghost (D:11)
  A bullfrog (D:11)
  An adder (D:11)
  An orc (D:11)
  4 fungi (D:10)
  3 plants (D:10)
14 creatures vanquished.

Vanquished Creatures (others)
  2 wyvern skeletons (D:11)
  2 yak zombies (D:11)
  A porcupine skeleton (D:10)
  3 fungi (D:10)
8 creatures vanquished.

Grand Total: 319 creatures vanquished

Notes
Turn   | Place    | Note
-------+----------+-------------------------------------------
     0 | D:1      | Hazorath the Naga Venom Mage began the quest for the Orb.
     0 | D:1      | Reached XP level 1. HP: 15/15 MP: 3/3
   455 | D:1      | Reached XP level 2. HP: 24/24 MP: 5/5
   685 | D:1      | Reached skill level 1 in Fighting
   806 | D:1      | Reached XP level 3. HP: 28/31 MP: 0/6
  1144 | D:2      | Reached skill level 5 in Poison Magic
  1636 | D:2      | Found a glowing golden altar of the Shining One.
  1683 | D:2      | Learned a level 3 spell: Mephitic Cloud
  1690 | D:2      | Reached XP level 4. HP: 30/38 MP: 7/7
  2268 | D:3      | Found an ornate altar of the Wu Jian Council.
  3314 | D:3      | Learned a level 4 spell: Olgreb's Toxic Radiance
  3697 | D:3      | Reached XP level 5. HP: 37/45 MP: 9/9
  3726 | D:3      | Reached skill level 1 in Air Magic
  3955 | D:4      | Got a crystal hunting sling
  3956 | D:4      | Identified the +7 hunting sling "Anoira" {flame, rPois rF+
                  | Stlth+} (You found it on level 4 of the Dungeon)
  3964 | D:4      | Reached skill level 1 in Conjurations
  3970 | D:4      | Found a stormy altar of Qazlal.
  3970 | D:4      | Noticed an air elemental
  4212 | D:4      | Noticed a fire elemental
  4212 | D:4      | Noticed a water elemental
  4243 | D:4      | Found a shattered altar of Ashenzari.
  4284 | D:4      | Noticed an ogre
  4378 | D:4      | Killed an ogre
  4378 | D:4      | Reached XP level 6. HP: 34/52 MP: 6/10
  4424 | D:4      | Found an opulent altar of Gozag.
  4584 | D:4      | Reached XP level 7. HP: 31/61 MP: 8/12
  4593 | D:4      | Learned a level 3 spell: Ignite Poison
  5303 | D:5      | Entered Level 5 of the Dungeon
  5303 | D:5      | Noticed Grinder
  5775 | D:5      | Noticed Edmund
  5787 | D:5      | Killed Edmund
  5787 | D:5      | Reached XP level 8. HP: 28/69 MP: 7/13
  6130 | D:5      | Paralysed by Grinder for 7 turns
  6134 | D:5      | Killed Grinder
  6273 | D:5      | Found Gocwaar's Jewellery Emporium.
  6543 | D:5      | Found a runed translucent door.
  6544 | D:5      | Noticed Crazy Yiuf
  6672 | D:5      | Noticed Ijyb
  6687 | D:5      | Killed Ijyb
  7960 | D:7      | Reached skill level 1 in Fire Magic
  8283 | D:7      | Reached XP level 9. HP: 78/78 MP: 15/15
  8345 | D:7      | Found a burning altar of Makhleb.
  8355 | D:7      | Found a staircase to the Ecumenical Temple.
  8390 | D:7      | Got a fabulously ornate robe
  8406 | Temple   | Entered the Ecumenical Temple
  8651 | Temple   | Became a worshipper of Yredelemnul the Dark
  8748 | D:7      | Reached skill level 1 in Slings
  9256 | D:7      | Found Jenta's General Store.
  9259 | D:7      | Bought a scroll of blinking for 112 gold pieces
  9259 | D:7      | Bought a scroll of identify for 30 gold pieces
  9445 | D:7      | Learned a level 5 spell: Fireball
  9569 | D:7      | Identified the +2 robe "Uweubell" {*Slow rPois rN+ Str+6}
                  | (You found it on level 7 of the Dungeon)
  9767 | D:8      | Noticed Gastronok
  9774 | D:8      | Killed Gastronok
  9774 | D:8      | Reached skill level 5 in Fighting
  9774 | D:8      | Reached skill level 5 in Spellcasting
  9774 | D:8      | Reached XP level 10. HP: 85/90 MP: 18/18
  9870 | D:8      | Reached skill level 5 in Fire Magic
 10220 | D:8      | Noticed Psyche
 10225 | D:8      | Killed Psyche
 10278 | D:8      | Found a white marble altar of Elyvilon.
 10448 | D:8      | Noticed Maggie
 10462 | D:8      | Killed Maggie
 10528 | D:8      | Reached * piety under Yredelemnul
 11080 | D:8      | Found a blossoming altar of Fedhas.
 11466 | D:9      | Found a staircase to the Orcish Mines.
 11467 | D:9      | Noticed Grum
 11472 | D:9      | Reached XP level 11. HP: 99/99 MP: 20/20
 11475 | D:9      | Killed Grum
 12134 | D:9      | Found a bloodstained altar of Trog.
 12289 | D:9      | Found a sparkling altar of Nemelex Xobeh.
 12297 | D:9      | Reached ** piety under Yredelemnul
 12392 | D:9      | Reached skill level 1 in Invocations
 12813 | D:9      | Found a runed translucent door.
 12849 | D:9      | Noticed Turner1's ghost (novice HOFi)
 12925 | D:10     | Entered Level 10 of the Dungeon
 12937 | D:10     | Found a staircase to the Lair.
 13376 | D:10     | Found a portal to a secret trove of treasure.
 13458 | D:10     | Noticed a two-headed ogre
 13469 | D:10     | Killed a two-headed ogre
 13945 | D:10     | Reached *** piety under Yredelemnul
 14500 | Lair:1   | Entered Level 1 of the Lair of Beasts
 14838 | D:11     | Reached XP level 12. HP: 67/109 MP: 22/22
 15250 | D:11     | Reached skill level 5 in Invocations
 15646 | D:11     | Noticed a six-headed hydra
 15658 | D:11     | HP: 4/109 [six-headed hydra (5)]
 15658 | D:11     | Slain by a six-headed hydra

Illustrated notes

Levels and vault maps discovered:
D:1:      minmay_arrival_semitransparent, layout_basic
D:2:      layout_basic, nicolae_tso_carved_into_rock
D:3:      layout_basic, lemuel_round_altar
D:4:      layout_basic, nicolae_overflow_crystal_walls, evilmike_ruin_ashenzari,
          first_ration, nicolae_qazlal_style_of_elements
D:5:      layout_cave_pods, serial_shops, nicolae_shop_crystal, uniq_grinder,
          uniq_crazy_yiuf_cottage, uniq_ijyb, uniq_edmund
D:6:      layout_gridville
D:7:      layout_gridville, old_standard_altar,
          minmay_temple_entry_stoned_glass, serial_shops,
          nicolae_shop_behind_doors, grunt_ogre_cave, abandoned_shop
D:8:      layout_loops_cross, fedhas_altar_2, elyvilon_altar_3, uniq_psyche,
          uniq_maggie, uniq_gastronok
D:9:      layout_rooms, nemelex_xobeh_ov_fountains_minmay, lemuel_round_altar,
          david_orc_3, ebering_ghost_inner_flame, uniq_grum
D:10:     layout_basic, due_lair_maze_entry_diamond,
          nicolae_trove_entry_crossroad
D:11:     layout_roguey
Temple:   minmay_temple_curvy_branch
Lair:1:   layout_layer_cave, beast_lair_carwin_3

Skill      XL: |  1  2  3  4  5  6  7  8  9 10 11 12 |
---------------+-------------------------------------+-----
Fighting       | 1 2 3 4 5 6 7 |  7.6
Poison Magic   | 5 6 7 9 |  9.2
Air Magic      | 1 2 3 4 |  4.2
Conjurations   | 1 2 3 4 6 7 9 |  9.5
Spellcasting   | 3 4 5 6 7 |  7.2
Fire Magic     | 1 4 6 8 |  8.9
Transmutations | 2 |  2.4
Slings         | 2 |  2.3
Invocations    | 4 5 |  5.4
Dodging        | |  1.5
Stealth        | |  3.0

Action                   |  1- 3 |  4- 6 |  7- 9 | 10-12 || total
-------------------------+-------+-------+-------+-------++-------
Melee: Unarmed           |    14 |       |       |       ||    14
       Dagger            |    48 |    98 |   142 |   189 ||   477
       Flail             |       |    11 |    17 |       ||    28
 Fire: Hunting sling     |       |    12 |    38 |    99 ||   149
 Cast: Sting             |    28 |    31 |    39 |    90 ||   188
       Mephitic Cloud    |       |     2 |     3 |     4 ||     9
       Olgreb's Toxic Ra |       |       |     4 |    23 ||    27
       Ignite Poison     |       |       |     6 |    40 ||    46
Invok: Animate Remains   |       |       |       |     2 ||     2
       Animate Dead      |       |       |       |     3 ||     3
 Abil: Spit Poison       |     5 |     5 |    15 |    26 ||    51
  Use: Scroll            |     3 |     8 |    10 |     7 ||    28
       Potion            |       |     1 |       |     2 ||     3
 Stab: Sleeping          |     3 |     2 |     2 |     3 ||    10
  Eat: Chunk             |     2 |     7 |    13 |    14 ||    36
       Ration            |       |       |     1 |     3 ||     4
Armor: Robe              |    27 |    11 |    52 |   141 ||   231
Dodge: Dodged            |    58 |    52 |    88 |    97 ||   295
       Repelled          |       |       |     2 |     4 ||     6
